 Dungeon Crawl Stone Soup version 0.29.1-15-g9cfb28693d (webtiles) character file.

Game seed: 14602552458603179665

43522 Artool the Fighter (level 13, 0/102 HPs)
             Began as a Demonspawn Gladiator on Apr 5, 2023.
             Was an Elder of Hepliaklqana.
             Killed from afar by Aizul (27 damage)
             ... with a bolt of poison
             ... on level 1 of the Elven Halls.
             The game lasted 01:30:44 (26330 turns).

Artool the Fighter (Demonspawn Gladiator)          Turns: 26330, Time: 01:30:46

Health: 0/102      AC: 23    Str: 20    XL:     13   Next: 91%
Magic:  13/13      EV: 14    Int: 10    God:    Hepliaklqana [****..]
Gold:   2804       SH:  0    Dex: 14    Spells: 12/12 levels left

rFire   + . .      SeeInvis .   c - +2 whip (drain)
rCold   . . .      Faith    .   (no shield)
rNeg    . . .      Spirit   .   Z - +3 chain mail {rF+}
rPois   .          Reflect  .   e - +2 hat {Stlth+}
rElec   .          Harm     .   C - +0 cloak
rCorr   +          Rampage  .   q - +0 pair of gloves
Will    .....                   (no boots)
Stlth   ..........              h - amulet of magic regeneration
HPRegen 0.27/turn               k - +4 ring of evasion
MPRegen 0.53/turn               s - ring of resist corrosion

@: lethally poisoned (0 -> -23)
A: reduced essence, powered by pain 3, sharp scales 3, demonic magic 1, weakness
stinger 1
a: Renounce Religion, Recall Ancestor, Ancestor Identity, Transference, Idealise


You were on level 1 of the Elven Halls.
You worshipped Hepliaklqana.
Hepliaklqana was greatly pleased with you.
You visited 5 branches of the dungeon, and saw 19 of its levels.
You also visited: Sewer, Bailey and Volcano.

You collected 2856 gold pieces.
You spent 52 gold pieces at shops.

Inventory:

Hand Weapons
 c - a +2 whip of draining (weapon)
 F - a +3 vorpal flail
Missiles
 b - 10 silver javelins
 f - 10 poisoned darts
 w - a throwing net
 D - 2 silver boomerangs (quivered)
 K - 14 boomerangs
Armour
 e - a +2 hat of stealth (worn)
 q - a +0 pair of gloves (worn)
 C - a +0 cloak (worn)
 Z - a +3 chain mail of fire resistance (worn)
Magical Staves
 g - a staff of earth
Jewellery
 h - an amulet of magic regeneration (around neck)
 k - a +4 ring of evasion (left hand)
 s - a ring of resist corrosion (right hand)
Wands
 u - a wand of digging (2)
 G - a wand of light (10)
 U - a wand of iceblast (10)
Scrolls
 d - 5 scrolls of teleportation
 i - a scroll of immolation
 p - 5 scrolls of identify
 v - a scroll of butterflies
 M - a scroll of blinking
 T - a scroll of summoning
Potions
 a - a potion of cancellation
 m - 12 potions of curing
 t - a potion of resistance
 x - 2 potions of heal wounds
 I - a potion of might
 N - a potion of ambrosia
Miscellaneous
 X - a box of beasts


   Skills:
 + Level 14.9 Fighting
 + Level 13.9 Maces & Flails
 - Level 1.7 Throwing
 - Level 11.0 Armour
 - Level 5.0 Dodging


You had 12 spell levels left.
You didn't know any spells.
Your spell library contained the following spells:

 Spells                   Type           Power      Damage    Failure   Level
 Magic Dart               Conj           0%         1d3       95%         1
 Slow                     Hex            0%         N/A       95%         1
 Summon Small Mammal      Summ           0%         N/A       95%         1
 Ensorcelled Hibernation  Hex/Ice        0%         N/A       98%         2
 Passwall                 Tmut/Erth      0%         N/A       98%         2
 Searing Ray              Conj           0%         2d4       98%         2
 Call Canine Familiar     Summ           0%         N/A       100%        3
 Confusing Touch          Hex            0%         N/A       100%        3
 Portal Projectile        Hex/Tloc       0%         N/A       100%        3
 Summon Guardian Golem    Hex/Summ       0%         N/A       100%        3
 Swiftness                Air            0%         N/A       100%        3
 Tukima's Dance           Hex            0%         N/A       100%        3
 Vampiric Draining        Necr           0%         2d6       100%        3
 Fulminant Prism          Conj/Hex       0%         3d6       100%        4
 Leda's Liquefaction      Hex/Erth       0%         N/A       100%        4
 Blade Hands              Tmut           0%         N/A       100%        5


Dungeon Overview and Level Annotations

Branches:
Dungeon (11/15)            Temple (1/1) D:5            Lair (4/5) D:9
  Swamp (0/4) Lair:2        Snake (0/4) Lair:2          Orc (2/2) D:10
    Elf (1/3) Orc:2         Sewer (visited)          Bailey (visited)
Volcano (visited)
  Slime: Lair:4-5

Altars:
Ashenzari
Cheibriados
Dithmenos
Fedhas
Gozag
Hepliaklqana
Kikubaaqudgha
Makhleb
Nemelex Xobeh
Okawaru
Qazlal
Ru
Sif Muna
Trog
Uskayaw
Vehumet
Wu Jian
Xom
Yredelemnul
Jiyva

Shops:
D:5 (   Orc:2 [:?[=

Annotations:
D:10 Lodul
Lair:4 exclusion: 3 oklob plants
Elf:1 Aizul


Innate Abilities, Weirdness & Mutations

Your life essence is reduced to manifest your ancestor. (-10% HP)
You are powered by pain.
You are completely covered in razor-sharp scales. (AC +3, Slay +3)
Spells you cast may paralyse adjacent enemies.
You have a small tail.


Message History

The bolt of poison hits Zosia.
Zosia completely resists.
The bolt of poison misses you.
Zosia misses Aizul.
Zosia hits Aizul with a +0 dagger of draining.
Zosia barely misses Aizul.
Zosia hits Aizul with a +0 dagger of draining.
Aizul casts a spell at you.
You barely resist.
Zosia hits Aizul with a +0 dagger of draining!
Aizul casts a spell at you. The poison arrow hits you.
You are poisoned.
You feel very sick.
Aizul coils herself and waves her upper body at you.
The poison arrow hits you!
You are more poisoned.
You feel extremely sick.
Aizul coils herself and waves her upper body at you.
You barely resist.
You feel extremely sick.
Aizul coils herself and waves her upper body at you.
You barely resist.
Zosia barely misses Aizul.
You feel very sick.
You feel very sick.
You feel very sick.
You feel very sick.
You feel very sick.
You feel sick.
Things that are here:
a +0 rapier; a +0 ring mail; an elf corpse You feel sick.
Aizul casts a spell at you.
You fall asleep.
You feel sick. x2
Aizul hits you!
You wake up.
* * * LOW HITPOINT WARNING * * *
Aizul casts a spell at you. The bolt of poison hits you!!
You are more poisoned.
You die...

#####...##### #..#
##...........## #..#
............... #..# .
........... #..# .. ...8...
#..#+#### ######...######
#....S... #......<......#
#........ ######...######
#..# ###.....8@....####..#
.........S)......#R.#
#...............##..#
##...........####..#
########..R########..#####
................R..........
....................>......
#######'##.##'#############
#........#.#..........


You could see the friendly Zosia the hexer and Aizul (ally target).

Vanquished Creatures
  Jorgrun (Orc:2)
  Gastronok (Orc:1)
  A hydra (Lair:4)
  2 two-headed ogres
  3 orc high priests (Orc:2)
  5 orc knights
  A lindwurm (Volcano)
  A bog body (Lair:2)
  2 deep elf pyromancers (Orc:2)
  A deep elf zephyrmancer (Orc:2)
  4 orc sorcerers
  3 elephants (Lair:1)
  A molten gargoyle (Volcano)
  3 black mambas
  3 cane toads (Lair:2)
  An unseen horror zombie (D:10)
  A gargoyle (D:10)
  2 rime drakes
  6 komodo dragons
  A hornet (D:10)
  2 trolls
  A polar bear (Lair:2)
  2 blink frogs (Lair:2)
  2 wraiths
  A water elemental (Orc:2)
  28 yaks
  2 fire bats (Volcano)
  3 basilisks
  2 humans (D:7)
  3 steam dragons (Volcano)
  Edmund (D:4)
  5 wargs
  A swamp worm (Lair:2)
  5 water moccasins
  A hell hound (Volcano)
  21 orc warriors
  3 ice beasts
  A black bear (D:8)
  2 wolves (Lair:3)
  7 ogres
  3 centaurs
  A phantom (D:5)
  5 kobold brigands
  11 bullfrogs
  2 necrophages
  4 scorpions
  7 wights
  7 killer bees
  6 howler monkeys
  A crimson imp (D:5)
  A hound (D:5)
  3 lava snakes (Volcano)
  A human zombie (D:5)
  A bullfrog zombie (D:5)
  17 orc priests
  3 gnoll boudas
  2 jellies
  Jessica (D:2)
  6 iguanas
  18 orc wizards
  A killer bee zombie (D:5)
  A hound zombie (D:5)
  3 mummies (D:5)
  13 gnolls
  A howler monkey zombie (D:5)
  2 river rats (Sewer)
  7 adders
  A shadow imp (D:4)
  2 white imps (D:7)
  2 ufetubi
  5 worms (Sewer)
  4 dart slugs
  92 orcs
  11 ball pythons
  3 bats
  16 endoplasms
  4 giant cockroaches
  3 goblins
  8 hobgoblins
  2 jackals (D:4)
  6 quokkas
  5 frilled lizards
  24 kobolds
  7 rats
459 creatures vanquished.

Vanquished Creatures (collateral kills)
  A fire dragon (Volcano)
  Josephine (Orc:2)
  A two-headed ogre (D:8)
  An orc knight (Orc:2)
  An orc sorcerer (Orc:2)
  2 deep elf pyromancers (Elf:1)
  An ugly thing (D:9)
  2 elephants
  A molten gargoyle (Volcano)
  An unseen horror (D:11)
  2 cane toads (Lair:2)
  An unseen horror zombie (D:10)
  A rime drake (Lair:1)
  2 trolls
  A blink frog (Lair:2)
  2 wraiths (Orc:1)
  10 yaks
  A swamp worm (Lair:2)
  A water moccasin (Lair:3)
  3 orc warriors
  A wolf (Lair:3)
  An ogre (D:10)
  A bullfrog (Lair:3)
  A wight (D:9)
  2 killer bees (D:9)
  An electric eel (Lair:2)
  A howler monkey (D:10)
  4 lava snakes (Volcano)
  6 orc priests
  A gnoll bouda (D:10)
  8 orc wizards
  5 gnolls
  23 orcs
  A kobold (D:8)
92 creatures vanquished.

Vanquished Creatures (others)
  2 ancestors (D:9)
  9 hexers
  An orc wizard (Orc:2)
  13 fungi
  4 plants (Lair:4)
29 creatures vanquished.

Grand Total: 580 creatures vanquished

Notes
Turn   | Place    | Note
-------+----------+-------------------------------------------
     0 | D:1      | Artool the Demonspawn Gladiator began the quest for the
                  | Orb.
     0 | D:1      | Reached XP level 1. HP: 16/16 MP: 1/1
   442 | D:1      | Found a faded altar of an unknown god.
   451 | D:1      | Gained mutation: You are partially covered in razor-sharp
                  | scales. (AC +1, Slay +1) [demonic ancestry]
   451 | D:1      | Reached XP level 2. HP: 18/22 MP: 2/2
   788 | D:2      | Noticed Jessica
   799 | D:2      | Killed Jessica
   800 | D:2      | Reached skill level 1 in Armour
   800 | D:2      | Gained mutation: You have a small tail. [demonic ancestry]
   800 | D:2      | Reached XP level 3. HP: 28/28 MP: 3/3
  1545 | D:2      | Gained mutation: You sometimes gain a little power by
                  | taking damage. [demonic ancestry]
  1545 | D:2      | Reached XP level 4. HP: 34/34 MP: 4/4
  1801 | D:3      | Found a bloodstained altar of Trog.
  2220 | D:3      | Reached skill level 3 in Fighting
  2618 | D:4      | Found a glowing drain.
  2635 | Sewer    | Entered a sewer
  2909 | Sewer    | Noticed a kobold brigand
  2942 | Sewer    | Killed a kobold brigand
  2943 | Sewer    | Gained mutation: You sometimes gain power by taking damage.
                  | [demonic ancestry]
  2943 | Sewer    | Reached XP level 5. HP: 26/41 MP: 5/5
  3515 | Sewer    | Reached XP level 6. HP: 38/48 MP: 6/6
  4198 | D:4      | Reached skill level 4 in Fighting
  4635 | D:4      | Found a sacrificial altar of Ru.
  4657 | D:4      | Noticed Edmund
  4830 | D:4      | Reached XP level 7. HP: 32/54 MP: 7/7
  4847 | D:4      | HP: 2/54 [orc/+0 dagger (2)]
  5620 | D:4      | Killed Edmund
  5663 | D:4      | Found a broken altar of Ashenzari.
  5865 | D:5      | Entered Level 5 of the Dungeon
  5942 | D:5      | Found an ancient bone altar of Kikubaaqudgha.
  6136 | D:5      | Reached skill level 5 in Fighting
  6136 | D:5      | Reached skill level 5 in Maces & Flails
  6331 | D:5      | Reached skill level 5 in Dodging
  6331 | D:5      | Gained mutation: Spells you cast may paralyse adjacent
                  | enemies. [demonic ancestry]
  6331 | D:5      | Reached XP level 8. HP: 55/62 MP: 8/8
  6527 | D:5      | Found a staircase to the Ecumenical Temple.
  6593 | Temple   | Entered the Ecumenical Temple
  6912 | D:5      | Found a burning altar of Makhleb.
  6980 | D:5      | Found Ecsaanytye's Weapon Emporium.
  7406 | D:5      | Found a shimmering blue altar of Sif Muna.
  7819 | D:6      | Reached skill level 6 in Fighting
  7880 | D:6      | Reached skill level 5 in Armour
  8167 | D:6      | Found a snail-covered altar of Cheibriados.
  8330 | D:7      | Found a sparkling altar of Nemelex Xobeh.
  8388 | D:7      | Found a flagged portal.
  8403 | Bailey   | Entered a bailey
  8482 | Bailey   | Reached XP level 9. HP: 11/71 MP: 9/9
  8488 | Bailey   | HP: 3/71 [orc/+0 trident (4)]
  8494 | D:7      | Gained mutation: You occasionally shout uncontrollably at
                  | your foes. [potion of mutation]
  8494 | D:7      | Lost mutation: You occasionally shout uncontrollably at
                  | your foes. [potion of mutation]
  9095 | D:7      | Found a shimmering altar of Xom.
  9096 | D:7      | Found a hazy altar of Hepliaklqana.
  9097 | D:7      | Noticed a spectral ugly thing
  9100 | D:7      | Became a worshipper of Hepliaklqana the Forgotten
  9256 | D:7      | Reached skill level 7 in Fighting
  9503 | D:7      | Noticed a two-headed ogre
  9513 | D:7      | Killed a two-headed ogre
 10320 | D:8      | Noticed a two-headed ogre
 10327 | D:8      | Reached skill level 8 in Fighting
 10754 | D:8      | Gained mutation: You are mostly covered in razor-sharp
                  | scales. (AC +2, Slay +2) [demonic ancestry]
 10754 | D:8      | Reached XP level 10. HP: 74/80 MP: 10/10
 11023 | D:8      | Reached * piety under Hepliaklqana
 11156 | D:8      | Killed a two-headed ogre
 11427 | D:8      | Found an iron altar of Okawaru.
 11802 | D:9      | Found a staircase to the Lair.
 12177 | D:8      | Reached skill level 9 in Fighting
 13005 | D:9      | Noticed a two-headed ogre
 13014 | D:9      | Killed a two-headed ogre
 13655 | D:9      | Noticed a purple ugly thing
 13662 | D:9      | Killed a purple ugly thing
 13663 | D:9      | Gained mutation: You are completely covered in razor-sharp
                  | scales. (AC +3, Slay +3) [demonic ancestry]
 13663 | D:9      | Reached XP level 11. HP: 75/81 MP: 11/11
 13695 | D:9      | Reached ** piety under Hepliaklqana
 13696 | D:9      | Remembered your ancestor Zosia as a hexer
 13964 | D:10     | Entered Level 10 of the Dungeon
 13965 | D:10     | Found a staircase to the Orcish Mines.
 14525 | D:10     | Found an ornate altar of the Wu Jian Council.
 14590 | D:10     | Reached skill level 10 in Fighting
 14912 | D:10     | Noticed Lodul
 15611 | D:10     | Found a basalt altar of Yredelemnul.
 16020 | D:10     | Reached skill level 10 in Maces & Flails
 16268 | Lair:1   | Entered Level 1 of the Lair of Beasts
 16274 | Lair:1   | Identified 3 scrolls of acquirement
 16274 | Lair:1   | Acquired 910 gold pieces
 16371 | Lair:1   | Reached *** piety under Hepliaklqana
 16947 | Lair:1   | Reached skill level 11 in Fighting
 17444 | Lair:2   | Reached skill level 10 in Armour
 17788 | Lair:1   | Gained mutation: You are powered by pain. [demonic
                  | ancestry]
 17788 | Lair:1   | Reached XP level 12. HP: 72/90 MP: 12/12
 18369 | Lair:2   | Found a staircase to the Snake Pit.
 18683 | Lair:2   | Reached skill level 12 in Fighting
 18686 | Lair:2   | Found a staircase to the Swamp.
 19020 | Lair:3   | Reached **** piety under Hepliaklqana
 19864 | Lair:4   | Noticed a five-headed hydra
 19872 | Lair:4   | Killed a five-headed hydra
 19979 | Lair:4   | Found a dark tunnel.
 19987 | Volcano  | Entered a volcano
 20621 | Volcano  | Found a radiant altar of Vehumet.
 20818 | Volcano  | Noticed a fire dragon
 20833 | Volcano  | Killed a fire dragon
 21275 | Lair:4   | Reached skill level 13 in Fighting
 21401 | Lair:4   | Reached XP level 13. HP: 99/99 MP: 13/13
 21708 | Lair:4   | Found a viscous altar of Jiyva.
 22285 | Orc:1    | Entered Level 1 of the Orcish Mines
 22302 | Orc:1    | Noticed Gastronok
 22318 | Orc:1    | Killed Gastronok
 22824 | Orc:2    | Entered Level 2 of the Orcish Mines
 23094 | Orc:2    | Noticed Jorgrun
 23106 | Orc:2    | Found a staircase to the Elven Halls.
 23250 | Orc:2    | Killed Jorgrun
 23984 | Orc:2    | Reached skill level 14 in Fighting
 24019 | Orc:2    | Found Geplix Vanu's Jewellery Shop.
 25455 | Orc:2    | Found Lonurat's Armour Shop.
 25455 | Orc:2    | Found Nockeoxo's Armour Shoppe.
 25457 | Orc:2    | Found Jecruzos's Book Shop.
 25457 | Orc:2    | Found Ukkaogun's Magic Scroll Shoppe.
 25468 | Orc:2    | Bought a scroll of immolation for 52 gold pieces
 25526 | Orc:1    | Noticed Josephine
 25546 | Orc:2    | Killed Josephine
 25943 | Elf:1    | Entered Level 1 of the Elven Halls
 26310 | Elf:1    | Noticed Aizul
 26330 | Elf:1    | Killed from afar by Aizul

Illustrated notes

Levels and vault maps discovered:
D:1:      amcnicky_arrival_wind_blow, layout_rooms,
          dreamdust_ecumenical_altar_grove
D:2:      layout_basic, uniq_jessica
D:3:      layout_loops_corners, trog_three_pillars_becter
D:4:      minmay_chambers_of_twos, layout_basic,
          nicolae_ru_sacrificial_ziggurat, nicolae_ashenzari_skybound,
          gup_sewer_entry_pipe, uniq_edmund
D:5:      layout_rooms, mainiacjoe_overflow_swirl,
          lemuel_mausoleum_altar_kikubaaqudgha, makhleb_grotto_becter,
          minmay_temple_entry_antechambers, serial_shops,
          nicolae_shop_bloodbath_and_beyond, hangedman_decor_clover_reticule
D:6:      layout_gridville, kennysheep_slug_shrine, bh_walls_and_bars
D:7:      layout_loops_ring, regret_index_temple_of_mockery,
          nemelex_xobeh_ov_fountains_minmay, enter_bailey_2,
          dreamdust_wishing_well
D:8:      layout_basic, okawaru_humans, serial_curves, eino_curves_02,
          eino_curves_03
D:9:      lemuel_flame_loot_2, layout_irregular_city, erik_lair_orcish_takeover
D:10:     layout_loops_corners, lemuel_zombie_altar_yredelemnul,
          nicolae_wu_jian_wuxing_cycle, minmay_orc_entry_temple_small,
          special_room [special_room_orc], uniq_lodul
D:11:     layout_long_grid, serial_shops, kennysheep_mini
Temple:   hellmonk_temple_two_chambers
Lair:1:   layout_chaotic_city, st_stairs_9
Lair:2:   layout_cave_shapes, nicolae_swamp_entry_splash_gauntlet,
          dummy_snake_entry, serial_bayou_shore_a
Lair:3:   layout_chaotic_city, st_stairs_11, grunt_megastairs_2
Lair:4:   layout_gridlike, minmay_slime_entry_oklob_enclosed,
          nicolae_volcano_entry_hallway
Orc:1:    layout_diamond_mine, uniq_gastronok, uniq_josephine
Orc:2:    grunt_orc_tribal_feast, layout_caves, serial_shops,
          nicolae_shop_statue_plus, uniq_jorgrun
Elf:1:    eino_elf_arrival_shootout, layout_onion_city, serial_shops,
          shop_statue, minmay_elf_necromancy, uniq_aizul, uniq_azrael

Skill      XL: |  1  2  3  4  5  6  7  8  9 10 11 12 13 |
---------------+----------------------------------------+-----
Maces & Flails | 3 4 5 6 7 9 10 12 13 | 13.9
Armour         | 1 2 3 5 7 8 10 11 | 11.0
Dodging        | 3 4 5 |  5.0
Fighting       | 3 4 5 6 8 9 11 13 14 | 14.9
Throwing       | |  1.7

Action                   |  1- 3 |  4- 6 |  7- 9 | 10-12 | 13-15 || total
-------------------------+-------+-------+-------+-------+-------++-------
Melee: Whip              |   104 |   348 |    20 |       |   296 ||   768
       Flail             |     5 |       |   448 |   644 |   137 ||  1234
       Tailslap          |     4 |    46 |    82 |   121 |    90 ||   343
       Punch             |       |       |     5 |     7 |     8 ||    20
Throw: Dart              |       |     3 |    22 |       |       ||    25
       Throwing net      |       |     1 |     2 |       |       ||     3
       Javelin           |       |     1 |     1 |       |       ||     2
       Boomerang         |       |       |       |     2 |       ||     2
Invok: Ancestor Identity |       |       |       |     1 |       ||     1
       Recall Ancestor   |       |       |       |     2 |     4 ||     6
       Ancestor Life: He |       |       |       |     1 |       ||     1
Evoke: Wand              |       |       |     3 |       |       ||     3
  Use: Scroll            |       |       |     8 |     2 |     3 ||    13
       Potion            |       |       |     5 |       |     8 ||    13
 Stab: Sleeping          |     2 |     1 |     1 |       |       ||     4
       Distracted        |       |       |       |     7 |     4 ||    11
       Confused          |       |       |       |     5 |     7 ||    12
       Invisible         |       |       |       |       |     4 ||     4
Armor: Leather armour    |    25 |     7 |   121 |   186 |       ||   339
       Scale mail        |       |    75 |    12 |     3 |       ||    90
       Chain mail        |       |       |       |     2 |   121 ||   123
Dodge: Dodged            |    78 |   174 |   539 |   611 |   152 ||  1554
